AoeStats
← Michi3052

Arabia

506766384Analyzed
1v1 RM · 19d ago on Sep 15, 2026· 40m 18s· 2 players
Game mode
Random Map
Map size
Tiny (2 player)
Population
200
Speed
Normal
Resources
Standard
Victory
Conquest
Starting age
Dark Age
Ending age
Imperial Age
RankedLock teamsTeams togetherTeam positionsShared explorationLock speedFull tech treeHidden civsTurbo modeCheats
Victory
Defeat
🇨🇱 Romans · Chile
775
+15
🇪🇸 Persians · Spain
755
-15
Michi3052
0:33 Loom
11:03 Feudal Age
12:06 Double-Bit Axe
14:19 Loom
21:32 Castle Age
21:49 Bloodlines
30:11 Gold Mining
30:37 Town Watch
32:20 Crossbowman
34:43 Fletching
37:03 Scale Barding Armor
37:09 Forging
37:16 Forging
37:41 Elite Skirmisher
11ucho
7:02 Loom
10:14 Feudal Age
11:29 Man-at-Arms
14:09 Forging
17:20 Double-Bit Axe
17:56 Horse Collar
18:21 Scale Mail Armor
25:44 Castle Age
24:33 Bloodlines
26:41 Long Swordsman
27:22 Squires
28:08 Husbandry
30:24 Wheelbarrow
31:20 Chain Mail Armor
Connection lost

Rejoining the realm…

Still unreachable

The connection could not be restored.

Session expired

The server has moved on; the page needs a fresh start.